 Dungeon Crawl Stone Soup version 0.19-a0-35-g3484356 (webtiles) character file.

133 Steelers13 the Chopper (level 4, -4/41 HPs)
             Began as a Minotaur Berserker on May 2, 2016.
             Was a Believer of Trog.
             Slain by a worker ant (5 damage)
             ... on level 4 of the Dungeon.
             The game lasted 00:29:42 (2201 turns).

Steelers13 the Chopper (Minotaur Berserker)         Turns: 2201, Time: 00:29:43

Health: -4/41      AC:  8    Str: 22    XL:     4   Next: 93%
Magic:  3/3        EV: 12    Int:  4    God:    Trog [**....]
Gold:   68         SH:  0    Dex: 10    Spells: 0 memorised, 3 levels left

rFire  . . .     SeeInvis .     a - +0 hand axe
rCold  . . .     Gourm    .     h - +0 ring mail
rNeg   . . .     Faith    .     (no shield)
rPois  .         Spirit   .     (helmet restricted)
rElec  .         Dismiss  .     m - +0 cloak
rCorr  .         Reflect  .     f - +0 pair of gloves
SustAt .         Harm     .     (no boots)
MR     .....                    (no amulet)
Stlth  +.........               (no ring)
                                (no ring)

@: lethally poisoned (-4 -> -14), not resistant to hostile enchantments, very
unstealthy
A: retaliatory headbutt, horns 2
a: Berserk, Trog's Hand, Burn Spellbooks, Renounce Religion


You were on level 4 of the Dungeon.
You worshipped Trog.
Trog was pleased with you.
You were very hungry.

You visited 1 branch of the dungeon, and saw 4 of its levels.

You collected 68 gold pieces.

Inventory:

Hand Weapons
 a - a +0 hand axe (weapon)
 i - a +0 dagger
 r - a +0 mace of draining
Missiles
 c - 30 bolts
Armour
 b - a +0 animal skin
 f - a +0 pair of gloves (worn)
 h - a +0 ring mail (worn)
 m - a +0 cloak (worn)
 n - a +0 ring mail
Wands
 t - a wand of paralysis (12/24)
 u - a wand of enslavement (12/24)
Scrolls
 g - a scroll of identify {unknown}
 o - a scroll of random uselessness {unknown}
 q - a scroll of remove curse {unknown}
 s - 3 scrolls of teleportation {unknown}
Potions
 d - 3 potions of degeneration {unknown}
 e - 2 potions of haste {unknown}
 j - a potion of cure mutation {unknown}
 k - 2 potions of magic {unknown}
 l - a potion of resistance {unknown}
Comestibles
 p - a slice of pizza


   Skills:
 + Level 4.6 Fighting
 + Level 4.8 Axes
 + Level 3.3 Armour
 + Level 3.4 Dodging
 + Level 0.3 Stealth


You had 3 spell levels left.
You didn't know any spells.

Dungeon Overview and Level Annotations

Branches:
Dungeon (4/15)
 Temple: D:4-7

Altars:
Kikubaaqudgha


Innate Abilities, Weirdness & Mutations

You reflexively headbutt those who attack you in melee.
You have a pair of horns on your head.


Message History

You see here an adder corpse.
* * * LOW HITPOINT WARNING * * *
You feel sick.
The worker ant bites you but does no damage.
* * * LOW HITPOINT WARNING * * *
You feel sick.
* * * LOW HITPOINT WARNING * * *
You feel sick. The worker ant bites you.
* * * LOW HITPOINT WARNING * * *
The worker ant barely misses you. You furiously retaliate!
You headbutt the worker ant, but do no damage.
* * * LOW HITPOINT WARNING * * *
You feel sick.
* * * LOW HITPOINT WARNING * * *
You feel sick.
* * * LOW HITPOINT WARNING * * *
You feel sick.
* * * LOW HITPOINT WARNING * * *
You feel sick. The worker ant bites you.
You die...

## ##### ... ########
######....... ##......#
#......# #.###
........########......#.....#
......................#..>..#
..........##....@a...........
.#........##..........#.....#
.+.........+........?†# ....#
.#......####.......#..# .###
.#......####.......#.........
...................#.........
............########.........
.............. #.........
######........ #.........


You could see a worker ant.

Vanquished Creatures
  A worker ant (D:4)
  Natasha (D:2)
  A hound skeleton (D:4)
  3 adders
  A giant gecko (D:1)
  A ball python (D:2)
  7 bats
  A giant cockroach (D:2)
  4 hobgoblins
  7 jackals (D:2)
  2 kobolds
  A quokka (D:2)
  A ball python skeleton (D:4)
  A giant newt (D:1)
  5 goblins
  4 rats
41 creatures vanquished.

Vanquished Creatures (others)
  A withered plant (D:2)
1 creature vanquished.

Grand Total: 42 creatures vanquished

Notes
Turn   | Place    | Note
--------------------------------------------------------------
     0 | D:1      | Steelers13 the Minotaur Berserker began the quest for the Orb.
     0 | D:1      | Reached XP level 1. HP: 19/19 MP: 0/0
    66 | D:1      | Reached XP level 2. HP: 17/27 MP: 1/1
  1095 | D:2      | Noticed Natasha
  1098 | D:2      | Noticed a crimson imp
  1101 | D:2      | Reached XP level 3. HP: 33/33 MP: 2/2
  1102 | D:2      | Killed Natasha
  1102 | D:2      | Reached ** piety under Trog
  1363 | D:2      | Found an ancient bone altar of Kikubaaqudgha.
  1369 | D:2      | Reached XP level 4. HP: 41/41 MP: 3/3
  2200 | D:4      | HP: 2/41 [poisoned by a worker ant]
  2201 | D:4      | Slain by a worker ant

Vault maps used:
D:1:      tarquinn_simple_flora_water_d, serial_bayou_lake_a
D:2:      kiku_gazebo_garden_becter, first_bread, minmay_surrounded,
          uniq_natasha
D:3:      overflow_temple_1_default, xom_redecorated, minivault_24
D:4:      cheibriados_altar_1, st_stairs_3

Skill      XL: |  1  2  3  4 |
---------------+-------------+-----
Axes           | 4 |  4.8
Fighting       | 4 |  4.6
Armour         | 3 |  3.3
Dodging        | 3 |  3.4
Stealth        | |  0.3

Action                   |  1- 3 |  4- 6 || total
-------------------------+-------+-------++-------
Melee: Hand axe          |    87 |    33 ||   120
       Headbutt          |    12 |    11 ||    23
Invok: Berserk           |     1 |       ||     1
       Trog's Hand       |     1 |       ||     1
  Eat: Bread ration      |     1 |       ||     1
Armor: Animal skin       |     7 |       ||     7
       Ring mail         |    33 |    21 ||    54
Dodge: Dodged            |    60 |    29 ||    89
